 Dungeon Crawl Stone Soup version 0.29.1-12-g30fa7ad0bf (webtiles) character file.

Game seed: 11901076110736189749

38950 ThatPearl the Fighter (level 13, -5/119 HPs)
             Began as a Demigod Ice Elementalist on Jan 8, 2023.
             Slain by Jorgrun
             ... wielding a staff of earth
              (11 damage)
             ... while petrified by Jorgrun
             ... on level 1 of the Orcish Mines.
             The game lasted 01:49:07 (23439 turns).

ThatPearl the Fighter (Demigod Ice Elementalist)   Turns: 23439, Time: 01:49:08

Health: -5/119     AC: 20    Str:  9    XL:     13   Next: 33%
Magic:  29/32      EV: -1    Int: 30    God:
Gold:   1709       SH:  0    Dex: 14    Spells: 8/33 levels left

rFire   . . .      SeeInvis .   U - +4 shortbow (flame)
rCold   . . .      Faith    .   (shield currently unavailable)
rNeg    + + +      Spirit   .   O - +3 steam dragon scales
rPois   ∞          Reflect  .   (no helmet)
rElec   .          Harm     .   M - +0 cloak
rCorr   .          Rampage  .   K - +3 Mad Mage's Maulers {Infuse+∞ RegenMP Int-3}
Will    +....                   (no boots)
Stlth   ++........              B - amulet of the acrobat
HPRegen 0.29/turn               C - +4 ring of evasion
MPRegen 0.63/turn               A - +4 ring of protection

@: petrified, grasped by roots, freezing walls, constricted, studying Fighting,
invisible
A: high MP 1, forlorn, divine attributes
a: no special abilities


You were on level 1 of the Orcish Mines.
You visited 3 branches of the dungeon, and saw 19 of its levels.
You also visited: Sewer and Volcano.

You collected 3053 gold pieces.
You spent 1344 gold pieces at shops.

Inventory:

Hand Weapons
 i - a +2 vorpal sling
 P - a +2 rapier of flaming
 U - a +4 shortbow of flaming (weapon)
Missiles
 a - 4 atropa-tipped darts
 p - 29 poisoned darts
 x - a curare-tipped dart
Armour
 l - a +2 robe of willpower
 K - the +3 Mad Mage's Maulers (worn) {Infuse+∞ RegenMP Int-3}
   (You found it in a volcano)

   It empowers its wearer's blows with all of their magic.
   It causes its wearer's magical reserves to regenerate more quickly.
   Int:       It affects your intelligence (-3).
 L - a +0 pair of gloves
 M - a +0 cloak (worn)
 O - +3 steam dragon scales (worn)
 V - a +2 kite shield
Jewellery
 c - a ring of positive energy
 m - an amulet of guardian spirit
 v - a ring of positive energy
 A - a +4 ring of protection (right hand)
 B - an amulet of the acrobat (around neck)
 C - a +4 ring of evasion (left hand)
 Q - a ring of see invisible
 T - a ring of wizardry
Wands
 g - a wand of iceblast (15)
 G - a wand of mindburst (10)
 N - a wand of polymorph (10)
 W - a wand of light (4)
 Y - a wand of paralysis (22)
Scrolls
 f - 2 scrolls of vulnerability {unknown}
 h - a scroll of identify
 k - 3 scrolls of brand weapon
 o - a scroll of magic mapping
 r - 6 scrolls of teleportation {unknown}
 t - 4 scrolls of poison {unknown}
 u - 2 scrolls of enchant weapon
 y - 2 scrolls of amnesia {unknown}
 D - 2 scrolls of fear
 E - 5 scrolls of blinking
 H - 3 scrolls of immolation
 J - a scroll of summoning {unknown}
 R - 2 scrolls of enchant armour
 S - 3 scrolls of silence
Potions
 b - 7 potions of magic
 e - a potion of invisibility
 j - 4 potions of lignification
 n - a potion of ambrosia {unknown}
 q - 4 potions of brilliance
 s - 4 potions of flight
 w - 5 potions of mutation
 z - 3 potions of might
 I - 2 potions of attraction
 X - a potion of curing
 Z - a potion of haste


   Skills:
 + Level 12.5 Fighting
 - Level 12.0 Armour
 + Level 3.8 Dodging
 - Level 1.7 Stealth
 + Level 10.8 Spellcasting
 - Level 8.0 Hexes
 + Level 3.1 Necromancy
 - Level 8.2 Ice Magic
 + Level 3.2 Earth Magic


You had 8 spell levels left.
You knew the following spells:

 Your Spells              Type           Power      Damage    Failure   Level
a - Ozocubu's Armour      Ice            60%        N/A       1%          3
b - Borgnjor's Vile Clut  Necr/Erth      17%        N/A       24%         5
c - Cause Fear            Hex            29%        N/A       1%          4
d - Tukima's Dance        Hex            59%        N/A       1%          3
f - Freeze                Ice            100%       1d11      1%          1
h - Hailstorm             Conj/Ice       40%        3d10      6%          4
r - Frozen Ramparts       Ice            100%       1d16      1%          3
w - Passwall              Tmut/Erth      20%        N/A       2%          2

Your spell library contained the following spells:

 Spells                   Type           Power      Damage    Failure   Level
 Necrotise                Necr           100%       1d9       1%          1
 Sandblast                Erth           70%        2d15      1%          1
 Sublimation of Blood     Necr           35%        N/A       1%          2
 Inner Flame              Hex/Fire       40%        N/A       1%          3
 Portal Projectile        Hex/Tloc       80%        N/A       1%          3
 Apportation              Tloc           32%        N/A       3%          1
 Foxfire                  Conj/Fire      64%        2x1d7     3%          1
 Magic Dart               Conj           64%        1d6       3%          1
 Sting                    Tmut/Pois      64%        1d6       3%          1
 Summon Small Mammal      Summ           64%        N/A       3%          1
 Call Imp                 Summ           16%        N/A       4%          2
 Poisonous Vapours        Pois/Air       32%        N/A       4%          2
 Scorch                   Fire           32%        2d6       4%          2
 Wereblood                Tmut           16%        N/A       4%          2
 Stone Arrow              Conj/Erth      50%        3d10      4%          3
 Conjure Flame            Conj/Fire      16%        6-21      10%         3
 Gell's Gravitas          Tloc           16%        N/A       10%         3
 Ignite Poison            Fire/Tmut/Pois 16%        N/A       10%         3
 Lesser Beckoning         Tloc           16%        N/A       10%         3
 Mephitic Cloud           Conj/Pois/Air  16%        N/A       10%         3
 Teleport Other           Tloc           16%        N/A       10%         3
 Animate Armour           Summ/Erth      50%        N/A       17%         4
 Corpse Rot               Necr/Pois/Air  22%        N/A       21%         4
 Flame Wave               Conj/Fire      16%        2d7       32%         4
 Olgreb's Toxic Radiance  Pois           16%        N/A       32%         4
 Sticky Flame             Conj/Fire      16%        2d4       32%         4
 Alistair's Intoxication  Tmut/Pois      10%        N/A       65%         5
 Blade Hands              Tmut           8%         N/A       65%         5
 Eringya's Noxious Bog    Tmut/Pois      8%         N/A       99%         6
 Summon Cactus Giant      Summ           8%         N/A       99%         6
 Summon Hydra             Summ           8%         N/A       100%        7
 Discord                  Hex            29%        N/A       100%        8
 Lehudib's Crystal Spear  Conj/Erth      12%        10d4      100%        8


Dungeon Overview and Level Annotations

Branches:
Dungeon (12/15)            Temple (0/1) D:7            Lair (5/5) D:8
  Swamp (0/4) Lair:3        Snake (0/4) Lair:2          Orc (2/2) D:12
  Sewer (visited)         Volcano (visited)
  Slime: Lair:4-5       Elf: Orc:2

Shops:
D:7 :   D:8 =   D:10 !   D:11 [

Annotations:
D:4 2 transporters, Radix's ghost, novice HOFi
Orc:1 Jorgrun


Innate Abilities, Weirdness & Mutations

You have an increased reservoir of magic. (+10% MP)
You shall have no god before yourself.
Your divine heritage dramatically boosts your attributes as you level up.


Message History

You don't know that spell.
You fade into invisibility!
The wall freezes the two-headed ogre.
The wall freezes Jorgrun but does no damage.
Jorgrun hits you but does no damage. The grasping roots constrict you!
* * * LOW HITPOINT WARNING * * *
Your limbs are stiffening.
Unknown command.
You feel much better.
The wall freezes Jorgrun!
Jorgrun hits you but does no damage. The grasping roots constrict you.
The wall freezes Jorgrun!
Jorgrun hits you but does no damage. The grasping roots constrict you.
You have turned to stone.
The wall freezes Jorgrun.
Jorgrun hits you with a staff of earth. The grasping roots constrict you.
* * * LOW HITPOINT WARNING * * *
The wall freezes the two-headed ogre!
The two-headed ogre hits you with a +0 giant club!
* * * LOW HITPOINT WARNING * * *
The two-headed ogre hits you with a +0 giant club!
* * * LOW HITPOINT WARNING * * *
The wall freezes Jorgrun!
Jorgrun hits you but does no damage. The grasping roots constrict you.
* * * LOW HITPOINT WARNING * * *
The wall freezes Jorgrun!
Jorgrun hits you with a staff of earth. Jorgrun shatters you!
* * * LOW HITPOINT WARNING * * *
The grasping roots constrict you!
* * * LOW HITPOINT WARNING * * *
The wall freezes the two-headed ogre.
The wall freezes Jorgrun!
Jorgrun hits you with a staff of earth.
* * * LOW HITPOINT WARNING * * *
The grasping roots constrict you.
The wall freezes Jorgrun but does no damage.
Jorgrun hits you with a staff of earth!
* * * LOW HITPOINT WARNING * * *
The grasping roots constrict you.
* * * LOW HITPOINT WARNING * * *
The wall freezes Jorgrun!
Jorgrun hits you but does no damage. Jorgrun shatters you!!
You die...

### ########### ###########
##.####.#.....#@###.#.##.##.##
#....#.......O[g[............#
##............>....#########.##
#..................#≈≈≈≈≈≈≈#†.#
##...........[.....#~~~≈~~≈#..#
#....>.......[.....#.......#.##
##..................#.......#.#
#.#......)[<........#....†..###
........##.[........####)####


You could see Jorgrun (unable to see you) and a two-headed ogre (unable to see
you).

Vanquished Creatures
  4 hydras
  A two-headed ogre (Volcano)
  4 death yaks
  Urug (D:12)
  Nergalle (D:12)
  A deep troll (Orc:2)
  Lodul (D:11)
  An orc knight (Orc:2)
  A lindwurm (Lair:2)
  2 deep elf pyromancers (D:12)
  An ugly thing (D:12)
  An oklob plant (Lair:5)
  A manticore (D:12)
  A salamander (Volcano)
  3 black mambas
  2 cane toads
  An unseen horror (D:12)
  A gargoyle (D:11)
  7 komodo dragons
  3 trolls
  11 blink frogs
  5 hornets
  A fire bat (Volcano)
  5 wyverns
  A vampire (D:12)
  5 wraiths
  34 yaks
  3 basilisks
  A steam dragon (D:8)
  6 vampire mosquitoes (D:10)
  5 wargs (Orc:1)
  2 swamp worms (Lair:3)
  A naga (Lair:2)
  11 water moccasins
  Pargi (Sewer)
  An ice beast (D:6)
  2 hell hounds (Volcano)
  A sky beast (D:8)
  8 orc warriors
  2 black bears (D:8)
  12 centaurs
  7 ogres
  10 wolves
  3 kobold brigands
  Blork the orc (D:4)
  10 bullfrogs
  6 necrophages
  6 scorpions
  8 wights
  6 killer bees (D:8)
  3 howler monkeys
  4 electric eels
  The ghost of sigtrap the Sneak, a weakling KoBr (D:3)
  5 lava snakes (Lair:4)
  4 crimson imps (D:3)
  7 orc priests
  5 jellies
  Crazy Yiuf (D:7)
  2 gnoll boudas
  6 hounds
  7 iguanas
  14 orc wizards
  9 gnolls
  5 adders
  2 ufetubi (D:5)
  A worm (D:4)
  4 dart slugs
  43 orcs
  8 ball pythons
  8 endoplasms
  3 giant cockroaches
  7 goblins
  6 hobgoblins
  38 kobolds
  7 quokkas
  2 bats (D:1)
  3 frilled lizards
  7 rats
425 creatures vanquished.

Vanquished Creatures (collateral kills)
  4 two-headed ogres
  A wraith (D:9)
  A hell hound (Volcano)
  An orc warrior (D:9)
  2 ogres (D:12)
9 creatures vanquished.

Vanquished Creatures (others)
  6 dancing weapons
  A sky beast (D:7)
  72 fungi
  127 plants
206 creatures vanquished.

Grand Total: 640 creatures vanquished

Notes
Turn   | Place    | Note
-------+----------+-------------------------------------------
     0 | D:1      | ThatPearl the Demigod Ice Elementalist began the quest for
                  | the Orb.
     0 | D:1      | Reached XP level 1. HP: 14/14 MP: 5/5
   322 | D:1      | Reached XP level 2. HP: 22/22 MP: 7/7
   527 | D:1      | Reached skill level 1 in Fighting
  1058 | D:2      | Reached XP level 3. HP: 28/28 MP: 9/9
  1070 | D:2      | Learned a level 3 spell: Ozocubu's Armour
  1657 | D:3      | Found a runed translucent gate.
  1658 | D:3      | Found a runed translucent gate.
  1694 | D:3      | Noticed a scorpion
  1699 | D:3      | Killed a scorpion
  1700 | D:3      | Reached XP level 4. HP: 15/36 MP: 2/11
  1709 | D:3      | HP: 1/36 [poisoned by a scorpion]
  2022 | D:3      | Learned a level 3 spell: Frozen Ramparts
  2264 | D:3      | Found a runed translucent gate.
  2265 | D:3      | Noticed sigtrap's ghost (weakling KoBr)
  2291 | D:3      | Killed sigtrap's ghost
  2292 | D:3      | Reached XP level 5. HP: 21/42 MP: 4/12
  2642 | D:3      | Reached XP level 6. HP: 48/51 MP: 12/14
  2889 | D:3      | Learned a level 2 spell: Passwall
  3103 | D:4      | Found a transporter.
  3108 | D:4      | Noticed Radix's ghost (novice HOFi)
  3116 | D:4      | Noticed Blork the orc
  3125 | D:4      | Killed Blork the orc
  3126 | D:4      | Reached skill level 5 in Ice Magic
  3294 | D:4      | Found a transporter.
  3775 | D:5      | Entered Level 5 of the Dungeon
  3812 | D:5      | You fall into a shaft and drop 1 floor!
  3948 | D:6      | Found a glowing drain.
  3969 | D:6      | Reached XP level 7. HP: 32/58 MP: 4/16
  4051 | Sewer    | Entered a sewer
  4150 | Sewer    | Noticed Pargi
  4154 | Sewer    | Killed Pargi
  4496 | D:5      | Noticed a yak
  4498 | D:5      | Noticed a yak
  4657 | D:5      | Noticed a yak
  4657 | D:5      | Noticed a yak
  4657 | D:5      | Noticed a yak
  4657 | D:5      | Noticed a yak
  4657 | D:5      | Noticed a yak
  4665 | D:6      | Killed a yak
  4667 | D:6      | Killed a yak
  4668 | D:6      | Reached skill level 5 in Fighting
  4668 | D:6      | Reached skill level 5 in Spellcasting
  4668 | D:6      | Reached XP level 8. HP: 54/68 MP: 6/19
  5086 | D:5      | Reached skill level 1 in Armour
  5181 | D:5      | Learned a level 3 spell: Tukima's Dance
  5203 | D:5      | Reached XP level 9. HP: 64/77 MP: 6/22
  5996 | D:7      | Found Yta Beag's Self-Improvement Boutique.
  6522 | D:7      | Found a runed translucent door.
  6523 | D:7      | Noticed Crazy Yiuf
  6704 | D:7      | Found a staircase to the Ecumenical Temple.
  6955 | D:7      | Reached skill level 5 in Armour
  7232 | D:7      | Killed Crazy Yiuf
  7677 | D:8      | Noticed a komodo dragon
  7872 | D:8      | Reached skill level 1 in Hexes
  7998 | D:8      | Found a staircase to the Lair.
  8050 | D:8      | Killed a komodo dragon
  8051 | D:8      | Reached XP level 10. HP: 86/86 MP: 16/24
  8056 | D:8      | Learned a level 4 spell: Cause Fear
  8610 | D:8      | Paralysed by a hornet for 3 turns
  9361 | D:8      | Found Emopad's Jewellery Boutique.
  9822 | D:9      | Noticed a two-headed ogre
  9840 | D:9      | Killed a two-headed ogre
 10687 | Lair:1   | Entered Level 1 of the Lair of Beasts
 10972 | Lair:1   | Reached XP level 11. HP: 89/95 MP: 15/27
 11906 | Lair:2   | Noticed a death yak
 11906 | Lair:2   | Noticed a death yak
 11906 | Lair:2   | Noticed a death yak
 11906 | Lair:2   | You fall into a shaft and drop 2 floors!
 11918 | Lair:4   | Reached skill level 5 in Hexes
 12260 | Lair:2   | Identified a scroll of acquirement
 12260 | Lair:2   | Acquired 971 gold pieces
 12297 | Lair:2   | Found a staircase to the Snake Pit.
 12336 | Lair:2   | Reached skill level 10 in Armour
 12377 | Lair:2   | Found a dark tunnel.
 12377 | Lair:2   | Noticed a lindwurm
 12378 | Volcano  | Entered a volcano
 12446 | Volcano  | Found the +3 Mad Mage's Maulers {Infuse+∞ RegenMP Int-3}
 12558 | Volcano  | Noticed a two-headed ogre
 12573 | Volcano  | Killed a two-headed ogre
 12594 | Volcano  | Noticed a two-headed ogre
 12606 | Volcano  | Killed a two-headed ogre
 12926 | Lair:2   | Killed a lindwurm
 13063 | Lair:2   | Noticed a four-headed hydra
 13071 | Lair:2   | Killed a four-headed hydra
 13182 | Lair:2   | Noticed a five-headed hydra
 13190 | Lair:2   | Killed a five-headed hydra
 13202 | Lair:2   | Reached XP level 12. HP: 106/106 MP: 29/29
 13248 | Lair:2   | Reached skill level 10 in Fighting
 13631 | Lair:2   | Learned a level 4 spell: Hailstorm
 14808 | Lair:3   | Noticed an eight-headed hydra
 14829 | Lair:3   | Killed an eight-headed hydra
 15026 | Lair:3   | Noticed a four-headed hydra
 15039 | Lair:3   | Killed a four-headed hydra
 15201 | Lair:3   | Found a staircase to the Swamp.
 15318 | D:7      | Bought a manual of Fighting for 1120 gold pieces
 15374 | D:10     | Entered Level 10 of the Dungeon
 15601 | D:10     | Reached skill level 10 in Spellcasting
 15669 | D:10     | Identified the +7 tower shield of the Pink Corner {rElec}
 16374 | D:10     | Found Cestruijo's Distillery.
 16759 | D:11     | Noticed a two-headed ogre
 16767 | D:11     | Killed a two-headed ogre
 17076 | D:11     | Found Diyrhal's Antique Armour Emporium.
 17082 | D:11     | Bought a jewelled leather armour for 224 gold pieces
 17082 | D:11     | Identified the +3 leather armour of Prudence {Harm rN+}
                  | (You bought it in a shop on level 11 of the Dungeon)
 17343 | D:11     | Noticed a two-headed ogre
 17350 | D:11     | Killed a two-headed ogre
 17966 | D:12     | Noticed Lodul
 18276 | D:11     | Learned a level 5 spell: Borgnjor's Vile Clutch
 18759 | Lair:4   | Reached skill level 1 in Earth Magic
 18857 | Lair:4   | Reached skill level 1 in Necromancy
 19966 | Lair:5   | Entered Level 5 of the Lair of Beasts
 20083 | Lair:4   | Reached XP level 13. HP: 70/117 MP: 26/32
 20519 | D:12     | Noticed Nergalle
 20701 | D:12     | Killed Nergalle
 20731 | D:12     | Found a staircase to the Orcish Mines.
 21642 | D:11     | Killed Lodul
 22357 | D:12     | Noticed Urug
 22432 | D:12     | Killed Urug
 22878 | Orc:1    | Entered Level 1 of the Orcish Mines
 23149 | Orc:2    | Entered Level 2 of the Orcish Mines
 23409 | Orc:2    | Noticed Jorgrun
 23430 | Orc:1    | HP: 2/119 [constriction (10)]
 23438 | Orc:1    | HP: 5/119 [constriction (3)]
 23439 | Orc:1    | Slain by Jorgrun

Illustrated notes

Levels and vault maps discovered:
D:1:      matt_arrival_grand_opening, layout_basic, minmay_tripent
D:2:      layout_basic, grunt_ministairs_1
D:3:      layout_rooms, amcnicky_altar_gilded, led_xom_imps,
          mainiacjoe_overflow_two_lobes, serial_aquarium,
          aquarium_bridge_long_joined [aquarium_subvault_bridge,
          aquarium_subvault_wall, aquarium_subvault_bridge,
          aquarium_subvault_bridge, aquarium_subvault_bridge,
          aquarium_subvault_window], aquarium_window_1, aquarium_window_corner,
          aquarium_view_2d, aquarium_view_2e, aquarium_balcony_double_4,
          ebering_ghost_rock_garden, minmay_misc_feat_roman
D:4:      layout_basic, gammafunk_ghost_stat_death, uniq_blork_the_orc
D:5:      layout_cave_pools, mainiacjoe_overflow_alcove_2,
          minmay_manual_monolith
D:6:      layout_basic, marbit_many_paths, portal_sewer_entry_f
D:7:      layout_rooms, kennysheep_okawaru_gauntlet, minmay_temple_entry_waves,
          hangedman_decor_diamond_cutter, nicolae_shop_self_help,
          uniq_crazy_yiuf_cottage
D:8:      minmay_angry_zag, layout_basic, due_lair_maze_entry_diamond,
          serial_shops, shop, kennysheep_pointless_box,
          chequers_serial_rivers_marsh, st_stairs_6,
          nicolae_concentric_dashed_squares_wild, hangedman_decor_riveting
D:9:      kennysheep_kobold_camp, layout_irregular_city
D:10:     layout_roguey, nicolae_wu_jian_immortal_techniques, serial_shops,
          shop_coins, st_stairs_7
D:11:     layout_loops_corners, serial_co_window_serial, co_window_paths_a,
          co_window_corner_a, co_window_corner_a, co_window_paths_a,
          co_window_corner_a, co_window_of_opportunity_a, co_window_broadway_b,
          co_window_2corner, co_window_cross_3, co_window_of_opportunity_b,
          co_window_of_opportunity_c, co_window_paths_c, co_window_4corner_a,
          glass_columns_a, serial_shops, shop
D:12:     layout_layer_cave, minmay_orc_entry_temple_small, uniq_lodul,
          uniq_urug, uniq_nergalle
Lair:1:   layout_hall_layers
Lair:2:   layout_chaotic_city, guppyfry_snake_entry_island,
          nicolae_volcano_entry_vermiform, basic_altar, roderic_carrion_pond
Lair:3:   layout_regular_city, palyth_hydra_swamp_entry,
          infiniplex_staircase_pool_2
Lair:4:   nzn_winding_woodlands_small [nzn_winding_woodlands_5x15_concentric,
          nzn_winding_woodlands_center_triple_pond,
          nzn_winding_woodlands_5x15_pathside_ponds], layout_small_grid,
          nicolae_lair_liquid_snakes
Lair:5:   gammafunk_lair_ancient_temple, layout_misc_corridors, slime_entry_2
Orc:1:    nicolae_orc_accident_1, layout_caves, basic_altar, mines5_lemuel
Orc:2:    st_orc_open, layout_diamond_mine, mines2_david, uniq_jorgrun

Skill      XL: |  1  2  3  4  5  6  7  8  9 10 11 12 13 |
---------------+----------------------------------------+-----
Spellcasting   | 2 3 4 5 6 7 8 9 10 | 10.8
Fighting       | 1 2 3 5 6 7 8 9 11 12 | 12.5
Ice Magic      | 4 5 6 7 8 |  8.2
Armour         | 3 6 8 11 12 | 12.0
Hexes          | 1 4 6 8 |  8.0
Dodging        | 2 3 |  3.8
Earth Magic    | 1 3 |  3.2
Necromancy     | 1 3 |  3.1
Stealth        | |  1.7

Action                   |  1- 3 |  4- 6 |  7- 9 | 10-12 | 13-15 || total
-------------------------+-------+-------+-------+-------+-------++-------
Melee: Sling             |       |       |       |     1 |       ||     1
 Fire: Sling             |    87 |    62 |   169 |   195 |       ||   513
       Shortbow          |       |       |       |   200 |    73 ||   273
 Cast: Freeze            |    16 |    32 |   123 |   199 |    95 ||   465
       Ozocubu's Armour  |     3 |     1 |     6 |    57 |    23 ||    90
       Frozen Ramparts   |       |     5 |    23 |   102 |    26 ||   156
       Passwall          |       |     1 |       |     1 |       ||     2
       Tukima's Dance    |       |       |       |    34 |    18 ||    52
       Cause Fear        |       |       |       |     2 |     7 ||     9
       Hailstorm         |       |       |       |     1 |     3 ||     4
  Use: Scroll            |       |       |     7 |    15 |       ||    22
       Potion            |       |       |       |     1 |     4 ||     5
Armor: Robe              |    12 |    25 |    30 |     8 |       ||    75
       Leather armour    |       |       |     4 |     1 |       ||     5
       Steam dragon scal |       |       |       |   227 |   103 ||   330
Dodge: Dodged            |    33 |    86 |   133 |   391 |   151 ||   794
